 Dungeon Crawl Stone Soup version 0.31-a0-819-gf6de2f5ab6 (webtiles) character file.

Game seed: 11194098055064569651

1374 croobank the Covert (level 8, -1/57 HPs)
             Began as an Octopode Delver on Sept 25, 2023.
             Slain by an ice beast (14 damage)
             ... on level 6 of the Dungeon.
             The game lasted 00:15:13 (5204 turns).

croobank the Covert (Octopode Delver)               Turns: 5204, Time: 00:15:13

Health: -1/57      AC:  1    Str: 12    XL:     8   Next: 66%
Magic:  8/8        EV: 15    Int: 14    God:
Gold:   192        SH:  0    Dex: 13    Spells: 7/7 levels left

rFire   . . .        n - +2 short sword (freeze)
rCold   . . .        (no shield)
rNeg    . . .        (helmet restricted)
rPois   .            (no amulet)
rElec   .            (no ring)
rCorr   .            (no ring)
SInv    .            (no ring)
Will    .....        (no ring)
Stlth   ++++++       (no ring)
HPRegen 0.29/turn    (no ring)
MPRegen 0.11/turn    (no ring)
                     (no ring)

%: no passive effects
@: studying Stealth
A: almost no armour, amphibious, 8 rings, camouflage 1, gelatinous body 1,
(nimble swimmer 1), tentacles
a: no special abilities


You were on level 6 of the Dungeon.
You visited 1 branch of the dungeon, and saw 7 of its levels.

You collected 192 gold pieces.

Inventory:

Hand Weapons
 a - a +0 short sword
 b - a +0 dagger
 c - a +0 scythe of flaming
 g - a +0 trident
 n - a +2 short sword of freezing (weapon)
 q - a +0 orcbow
 x - a +1 hand axe of electrocution
 y - a +1 dire flail of holy wrath
Missiles
 h - 3 javelins (quivered)
Magical Staves
 k - a staff of cold
Jewellery
 j - an amulet of magic regeneration
Wands
 f - a wand of quicksilver (6)
 r - a wand of roots (4)
 w - a wand of flame (8)
Scrolls
 d - 2 scrolls of revelation
 p - a scroll of teleportation
 v - a scroll of enchant armour {unknown}
Potions
 e - a potion of mutation
 i - a potion of brilliance
 l - 3 potions of heal wounds
 m - a potion of invisibility
 o - 2 potions of resistance
 s - a potion of lignification {unknown}
 t - a potion of attraction {unknown}
 u - a potion of magic {unknown}


   Skills:
 + Level 5.9 Fighting
 + Level 5.4 Short Blades
 + Level 5.4 Dodging
 + Level 11.5 Stealth


You had 7 spell levels left.
You didn't know any spells.
Your spell library contained the following spells:

 Spells                   Type           Power      Damage    Failure   Level
 Static Discharge         Conj/Air       0%         2-2/arc   41%         2
 Airstrike                Air            0%         2d(0-16)  96%         4
 Summon Lightning Spire   Summ/Air       0%         N/A       96%         4


Dungeon Overview and Level Annotations

Branches:
Dungeon (7/15)
 Temple: D:4-7

Altars:
Zin

Shops:
D:3 :   D:4 (*


Innate Abilities, Weirdness & Mutations

You cannot wear most types of armour.
You are amphibious.
You can wear up to eight rings at the same time.
Your skin changes colour to match your surroundings (Stealth+).
Your rubbery body absorbs attacks. (AC +1, EV +1)
((You are camouflaged when in or above water. (Stealth+)))
You have tentacles for arms and can constrict up to eight enemies at once.


Message History

Aim: an ice beast (moderately wounded, 56% to hit)
You throw a javelin.
The javelin pierces through the ice beast.
The ice beast is heavily wounded.
You hit the ice beast but do no damage.
You squeeze the ice beast, but do no damage.
The ice beast is heavily wounded.
The ice beast misses you.
You barely miss the ice beast.
The ice beast is heavily wounded.
The ice beast closely misses you.
You barely miss the ice beast.
The ice beast is heavily wounded.
The ice beast closely misses you.
You barely miss the ice beast.
The ice beast is heavily wounded.
You hit the ice beast.
The ice beast is heavily wounded.
The ice beast hits you. The ice beast freezes you!
You hit the ice beast.
The ice beast is severely wounded.
The ice beast hits you. The ice beast freezes you.
You completely miss the ice beast.
The ice beast is severely wounded.
The ice beast closely misses you.
You hit the ice beast but do no damage.
Your tentacle-slap misses the ice beast.
The ice beast is severely wounded.
You hit the ice beast. Your squeeze misses the ice beast.
The ice beast is severely wounded.
The ice beast hits you but does no damage.
Throw: 4 javelins
Press: ? - help, Q - select action, (/) - cycle Shift-Dir - straight line, f/p - ice beast
Aim: an ice beast (severely wounded, 56% to hit)
You throw a javelin.
The javelin barely misses the ice beast.
The ice beast hits you. The ice beast freezes you! The ice beast hits you.
* * * LOW HITPOINT WARNING * * *
The ice beast freezes you!
You die...

###+#'######......... #.#.#
#......... ######.#.#
######+##. .........########
#.##. .....###..........#
#.##. . .....'......#####.#
##.##. .. .....#....#.#####.#
#..... #. ..............##.#
#..### ..##......@......#.#
#..... ........Y...#..#.#
#.####
#..##.##.......#..#.###.#
#h.....?$......#..#.....####
#..Y...........#............
....#######..##.#............
##. #..##.#............
######.(##.#.#..........
........##.#.####.......


You could see an ice beast.

Vanquished Creatures
  Pikel (D:4)
  Sigmund (D:4)
  Edmund (D:5)
  A centaur (D:5)
  A phantom (D:5)
  2 jellies
  2 hounds (D:5)
  2 sleepcaps (D:5)
  Jessica (D:3)
  An iguana (D:4)
  5 orc wizards
  3 adders
  A shadow imp (D:5)
  A white imp (D:7)
  3 worms
  11 orcs
  9 endoplasms
  2 giant cockroaches
  7 goblins
  6 hobgoblins
  12 kobolds
  6 quokkas
  2 ball pythons
  14 bats
  3 frilled lizards
  3 rats
101 creatures vanquished.

Notes
Turn   | Place    | Note
-------+----------+-------------------------------------------
     0 | D:5      | croobank the Octopode Delver began the quest for the Orb.
     0 | D:5      | Reached XP level 1. HP: 16/16 MP: 1/1
   134 | D:5      | Noticed Edmund
   134 | D:5      | Noticed a sleepcap
   134 | D:5      | Noticed a sleepcap
   185 | D:5      | Noticed a hound
   195 | D:5      | Killed a hound
   196 | D:5      | Reached XP level 2. HP: 12/21 MP: 2/2
   196 | D:5      | Reached XP level 3. HP: 15/26 MP: 3/3
   286 | D:7      | Reached skill level 7 in Stealth
   527 | D:5      | Noticed a centaur
   610 | D:4      | Noticed Sigmund
   619 | D:4      | Killed Sigmund
   620 | D:4      | Reached XP level 4. HP: 33/33 MP: 4/4
   620 | D:4      | Reached XP level 5. HP: 37/37 MP: 5/5
   650 | D:4      | Noticed a lemure
   650 | D:4      | Noticed a lemure
   651 | D:4      | Noticed a lemure
   808 | D:3      | Found Ivekes's Book Boutique.
  1044 | D:1      | Reached XP level 6. HP: 43/43 MP: 6/6
  1053 | D:1      | Found a faded altar of an unknown god.
  1870 | D:2      | Identified a scroll of acquirement
  1870 | D:2      | Acquired a manual of Stealth
  2158 | D:3      | Noticed Jessica
  2165 | D:3      | Killed Jessica
  2166 | D:3      | Reached skill level 8 in Stealth
  2349 | D:3      | Found a glowing silver altar of Zin.
  2751 | D:4      | Noticed Pikel
  2765 | D:4      | Killed Pikel
  2766 | D:4      | Reached skill level 5 in Fighting
  2766 | D:4      | Reached skill level 9 in Stealth
  2766 | D:4      | Reached XP level 7. HP: 23/50 MP: 7/7
  2932 | D:4      | Reached skill level 10 in Stealth
  3201 | D:4      | Found Mecs's Mayhem Merchandise.
  3217 | D:4      | Found Rauss's Antique Weapon Emporium.
  3324 | D:4      | Reached XP level 8. HP: 36/55 MP: 8/8
  4127 | D:5      | Reached skill level 5 in Short Blades
  4138 | D:5      | Reached skill level 5 in Dodging
  4549 | D:5      | Reached skill level 11 in Stealth
  4569 | D:5      | Killed Edmund
  4717 | D:5      | Identified the +3 ring mail "Ene Faoh" {rElec rN+ Int+2
                  | SInv}
  5204 | D:6      | Slain by an ice beast

Illustrated notes

Levels and vault maps discovered:
D:1:      mushboom_english_gardens, layout_basic, ebering_ecumenical_altar_box
D:2:      layout_rooms
D:3:      layout_loops_ring, pf_just_have_faith, serial_shops,
          nicolae_diamond_shop, uniq_jessica
D:4:      layout_layer_cave, serial_shops, nicolae_shop_crystal,
          minmay_shop_mayhem, uniq_pikel, uniq_sigmund
D:5:      layout_gridville, uniq_edmund
D:6:      layout_basic
D:7:      layout_basic, minmay_temple_entry_tees, kennysheep_windowed_goal,
          uniq_maggie

Skill      XL: |  1  2  3  4  5  6  7  8 |
---------------+-------------------------+-----
Stealth        | 7 9 10 11 | 11.5
Fighting       | 4 5 |  5.9
Short Blades   | 3 4 5 |  5.4
Dodging        | 3 4 5 |  5.4

Action                     |  1- 3 |  4- 6 |  7- 9 || total
---------------------------+-------+-------+-------++-------
  Melee: Short sword       |    15 |    94 |   108 ||   217
         Tentacles         |     4 |    17 |    21 ||    42
         Constrict         |     3 |    11 |    19 ||    33
         Punch             |       |     1 |       ||     1
  Throw: Javelin           |       |       |    19 ||    19
  Evoke: Wand              |     2 |     1 |     4 ||     7
    Use: Potion            |     1 |       |     2 ||     3
         Scroll            |     2 |     8 |     2 ||    12
   Stab: Sleeping          |     1 |    29 |     9 ||    39
 Armour: Skin              |     7 |    28 |    66 ||   101
  Dodge: Dodged            |     8 |    34 |    53 ||    95

Table legend: (Time is in decaauts)
 A = Elapsed time spent in this place.
 B = Non-inter-level travel time spent in this place.
 C = Inter-level travel time spent in this place.
 D = Time resting spent in this place.
 E = Time spent auto-exploring this place.
 F = Levels seen in this place.
 G = Mean time per level.
                   A        B        C        D        E       F      G
               +--------+--------+--------+--------+--------+-----+--------+
         Total |   5151 |   4894 |    257 |    722 |   2947 |   7 |  735.9 |
       Dungeon |   5151 |   4894 |    257 |    722 |   2947 |   7 |  735.9 |
               +--------+--------+--------+--------+--------+-----+--------+

Top non-repeatable levels by time:
     D:4: 1432 daAuts
     D:5: 1271 daAuts
     D:1: 818 daAuts
     D:3: 683 daAuts
     D:2: 469 daAuts
     D:6: 283 daAuts
     D:7: 192 daAuts
